 Dungeon Crawl Stone Soup version 0.32-a0-960-g3814254bd7 (webtiles) character file.

Game seed: 7798568263460062033

39 Autsider the Apothecary (level 3, -2/26 HPs)
             Began as a Merfolk Alchemist on Apr 17, 2024.
             Slain by a ribbon worm (5 damage)
             ... on level 2 of the Dungeon.
             The game lasted 00:04:08 (1008 turns).

Autsider the Apothecary (Merfolk Alchemist)         Turns: 1008, Time: 00:04:09

Health: -2/26      AC:  2    Str:  8    XL:     3   Next: 47%
Magic:  3/6        EV: 11    Int: 16    God:
Gold:   72         SH:  0    Dex: 14    Spells: 5/6 levels left

rFire   . . .        (no weapon)
rCold   . . .        (no shield)
rNeg    . . .        a - +0 robe
rPois   .            (no helmet)
rElec   .            (no cloak)
rCorr   .            (no gloves)
SInv    .            (no boots)
Will    .....        (no amulet)
Stlth   ++           (no ring)
HPRegen 0.24/turn    (no ring)
MPRegen 0.10/turn

%: no passive effects
@: no status effects
A: (nimble swimmer 2), mertail
a: no special abilities


You were on level 2 of the Dungeon.
You visited 1 branch of the dungeon, and saw 2 of its levels.

You collected 72 gold pieces.

Inventory:

Missiles
 d - a throwing net
Armour
 a - a +0 robe (worn)
Talismans
 i - a talisman of death
Scrolls
 c - 3 scrolls of teleportation {unknown}
 e - a scroll of torment {unknown}
 h - a scroll of immolation {unknown}
Potions
 b - a potion of magic
 f - a potion of berserk rage {unknown}
 g - 2 potions of resistance {unknown}


   Skills:
 + Level 1.3 Fighting
 - Level 2.6 Dodging
 - Level 2.1 Stealth
 + Level 2.4 Spellcasting
 - Level 0.7 Conjurations
 * Level 5.1 Alchemy


You had 5 spell levels left.
You knew the following spells:

 Your Spells              Type           Power      Damage    Failure   Level
a - Sting                 Conj/Alch      44%        1d5       6%          1

Your spell library contained the following spells:

 Spells                   Type           Power      Damage    Failure   Level
 Mercury Vapours          Alch/Air       20%        N/A       11%         2
 Olgreb's Toxic Radiance  Alch           18%        N/A       24%         4
 Mephitic Cloud           Conj/Alch/Air  8%         N/A       26%         3
 Sticky Flame             Fire/Alch      10%        2d5       56%         4


Dungeon Overview and Level Annotations

Branches:
Dungeon (2/15)

Altars:

Shops:
D:1 [


Innate Abilities, Weirdness & Mutations

((You are very nimble when in or above water. (Stealth+, EV+, Speed+++)))
Your lower body shifts to a powerful aquatic tail in water.


Message History

The ribbon worm is heavily wounded.
The ribbon worm bites you.
You hit the ribbon worm but do no damage.
The ribbon worm is heavily wounded.
The ribbon worm bites you.
* * * LOW HITPOINT WARNING * * *
The ribbon worm looks more healthy.
The ribbon worm misses you. The ribbon worm bites you.
* * * LOW HITPOINT WARNING * * *
The ribbon worm attacks as it pursues you!
The ribbon worm bites you!
* * * LOW HITPOINT WARNING * * *
The ribbon worm expels a string of sticky webbing.
The stream of webbing misses you.
Casting: Sting (safe; 6% risk of failure)
Confirm with . or Enter, or press ? or * to list all spells.
Aiming: Sting (safe; 6% risk of failure)
Press: ? - help, Shift-Dir - straight line, f/p - ribbon worm
Aim: a ribbon worm (90% to hit)
The sting hits the ribbon worm.
The ribbon worm is poisoned.
The ribbon worm is lightly wounded.
The ribbon worm expels a string of sticky webbing.
The stream of webbing hits you but does no damage.
You are caught in a web!
The web tears apart.
The ribbon worm looks more healthy.
A kobold comes into view. It is wielding a +0 whip.
There is an escape hatch in the floor here.
The ribbon worm expels a string of sticky webbing.
The stream of webbing hits you but does no damage.
You are caught in a web!
There is a web here.
You struggle to detach yourself from the web.
The kobold throws a stone.
The stone closely misses you.
You struggle to detach yourself from the web.
The ribbon worm bites you!
* * * LOW HITPOINT WARNING * * *
You struggle to detach yourself from the web.
The web tears apart.
The ribbon worm bites you.
You die...

#.# #...........# #.#
### #...........+ ...
######......#######.#
#......#.......#
#..............#..
#.................
#.................
#.................
#@w.K........?....
#.........######..
#.........# .
#.........#
#.....>...#
#.........#
###########


You could see a ribbon worm and a kobold.

Vanquished Creatures
  A dart slug (D:1)
  3 ball pythons
  3 bats (D:1)
  2 endoplasms
  3 goblins
  6 hobgoblins
  3 jackals (D:1)
  2 quokkas (D:1)
  7 frilled lizards
  4 rats
34 creatures vanquished.

Notes
Turn   | Place    | Note
-------+----------+-------------------------------------------
     0 | D:1      | Autsider the Merfolk Alchemist began the quest for the Orb.
     0 | D:1      | Reached XP level 1. HP: 13/13 MP: 3/3
   104 | D:1      | Reached XP level 2. HP: 11/20 MP: 1/5
   194 | D:1      | Found a faded altar of an unknown god.
   381 | D:1      | Reached skill level 1 in Fighting
   630 | D:1      | Found Rawnaaf's Antique Armour Shoppe.
   637 | D:1      | Reached XP level 3. HP: 26/26 MP: 4/6
   873 | D:2      | Reached skill level 5 in Alchemy
  1008 | D:2      | Slain by a ribbon worm

Illustrated notes

Levels and vault maps discovered:
D:1:      grunt_arrival_crossed_arrows, layout_basic, serial_shops, shop,
          basic_ecumenical_altar
D:2:      layout_basic

Skill      XL: |  1  2  3 |
---------------+----------+-----
Fighting       | 1 |  1.3
Alchemy        | 5 |  5.1
Dodging        | |  2.6
Stealth        | |  2.1
Spellcasting   | |  2.4
Conjurations   | |  0.7

Action                     || total
---------------------------++-------
  Melee: Unarmed           ||    51
   Cast: Sting             ||    50
 Armour: Robe              ||    31
  Dodge: Dodged            ||    42

Table legend: (Time is in decaauts)
 A = Elapsed time spent in this place.
 B = Non-inter-level travel time spent in this place.
 C = Inter-level travel time spent in this place.
 D = Time resting spent in this place.
 E = Time spent auto-exploring this place.
 F = Levels seen in this place.
 G = Mean time per level.
                   A        B        C        D        E       F      G
               +--------+--------+--------+--------+--------+-----+--------+
         Total |   1007 |    997 |     10 |    121 |    557 |   2 |  503.5 |
       Dungeon |   1007 |    997 |     10 |    121 |    557 |   2 |  503.5 |
               +--------+--------+--------+--------+--------+-----+--------+

Top non-repeatable levels by time:
     D:1: 850 daAuts
     D:2: 157 daAuts
